 Dungeon Crawl Stone Soup version 0.20-a0-33-g996f6e0 (console) character file.

239 Blackmore the Chiller (level 5, -2/28 HPs)
             Began as a Deep Elf Ice Elementalist on Nov 9, 2016.
             Slain by a goblin (3 damage)
             ... led by Robin
             ... on level 4 of the Dungeon.
             The game lasted 00:13:07 (3566 turns).

Blackmore the Chiller (Deep Elf Ice Elementalist)   Turns: 3566, Time: 00:13:08

Health: -2/28      AC:  2    Str:  5    XL:     5   Next: 79%
Magic:  2/14       EV: 13    Int: 21    God:
Gold:   68         SH:  0    Dex: 15    Spells: 4 memorised, 4 levels left

rFire  + . .     SeeInvis .     g - +0 dagger
rCold  . . .     Gourm    .     a - +0 robe
rNeg   . . .     Faith    .     (no shield)
rPois  .         Spirit   .     (no helmet)
rElec  .         Reflect  .     (no cloak)
rCorr  .         Harm     .     (no gloves)
MR     .....                    (no boots)
Stlth  ++........               (no amulet)
                                (no ring)
                                k - ring of protection from fire

@: very slightly contaminated
A: no striking features
a: no special abilities


You were on level 4 of the Dungeon.
You were not hungry.

You visited 1 branch of the dungeon, and saw 4 of its levels.

You collected 68 gold pieces.

Inventory:

Hand Weapons
 g - a +0 dagger (weapon)
Missiles
 l - 7 poisoned needles
Armour
 a - a +0 robe (worn)
Jewellery
 k - a ring of protection from fire (left hand)
Wands
 q - a wand of digging (17/24)
Scrolls
 m - 3 scrolls of identify
 n - a scroll of remove curse {unknown}
 p - a scroll of random uselessness {unknown}
 r - a scroll of magic mapping {unknown}
 s - a scroll of amnesia {unknown}
Potions
 e - 2 potions of curing {unknown}
 f - 2 potions of lignification {unknown}
 i - 3 potions of flight {unknown}
 j - a potion of mutation {unknown}
 o - a potion of haste {unknown}
Books
 b - a book of Frost

   Spells                             Type                      Level
   a - Freeze                         Ice                          1
   b - Throw Frost                    Conjuration/Ice              2
   c - Ozocubu's Armour               Charms/Ice                   3
   d - Throw Icicle                   Conjuration/Ice              4
   e - Summon Ice Beast               Ice/Summoning                4
Comestibles
 c - 2 bread rations
 h - a meat ration


   Skills:
 + Level 2.8 Dodging
 + Level 2.8 Stealth
 * Level 5.2 Spellcasting
 + Level 1.7 Conjurations
 * Level 5.7 Ice Magic


You had 4 spell levels left.
You knew the following spells:

 Your Spells              Type           Power        Failure   Level  Hunger
a - Freeze                Ice            ####         1%          1    None
b - Throw Frost           Conj/Ice       ###...       3%          2    None
c - Ozocubu's Armour      Chrm/Ice       ###.....     12%         3    ##.....
d - Throw Icicle          Conj/Ice       ###.....     24%         4    ####...


Dungeon Overview and Level Annotations

Branches:
Dungeon (4/15)
 Temple: D:4-7

Altars:

Annotations:
D:3 yrara's ghost, amateur GrGl
D:4 Robin


Message History

Robin hits you but does no damage. The goblin misses you.
A goblin and an ogre come into view.
The goblin shouts!
The ogre shouts!
Robin throws the goblin at you! The goblin barely misses you.
You barely miss the goblin. The goblin barely misses you.
Evoke which item? (* to show all) (? for menu, Esc to quit)
Zapping:
q - a wand of digging (?/24) {zapped: 3} (will waste charges)
Press: ? - help, Shift-Dir - straight line, f - you The rock shatters into small pieces.
Evoking this partially-identified wand wasted a few charges.
Robin hits you from afar with a trident!
The goblin hits you.
* * * LOW HITPOINT WARNING * * *
Robin hits you from afar with a trident.
* * * LOW HITPOINT WARNING * * *
The goblin hits you.
* * * LOW HITPOINT WARNING * * *
The goblin hits you.
You die...

#.# #..≈≈≈........... #.#
#..≈≈≈..#.######..
#.##########..≈≈≈....# ####..
#
#.)...........≈≈≈..#####.....
#
#..#########...8.........#..Z
# #...# ##.......######## #.
## #.#.# #..##...## .# #.#.#
#...#..## .####.#.#
######@g.##
...#....###......O.#
##.......#######.#g#
##....#..# #)#.### #....##.#
#.o.g.# ##...# .# #####.#
##....# . g# #..##.# . .)
##.## ..# #g.


You could see an ogre, Robin, an orc and 3 goblins.

Vanquished Creatures
  A scorpion (D:4)
  An orc wizard (D:4)
  A worker ant (D:3)
  A hound skeleton (D:4)
  2 adders (D:2)
  2 oozes
  5 worms
  A dart slug (D:2)
  4 leopard geckos
  2 orcs
  2 ball pythons
  6 bats
  6 giant cockroaches (D:2)
  11 goblins
  12 hobgoblins
  7 kobolds
  2 quokkas (D:2)
  9 rats
75 creatures vanquished.

Notes
Turn   | Place    | Note
-------+----------+-------------------------------------------
     0 | D:1      | Blackmore the Deep Elf Ice Elementalist began the quest for the Orb.
     0 | D:1      | Reached XP level 1. HP: 10/10 MP: 6/6
   331 | D:1      | Reached XP level 2. HP: 7/15 MP: 5/8
   753 | D:1      | Learned a level 2 spell: Throw Frost
  1157 | D:2      | Reached XP level 3. HP: 19/19 MP: 6/10
  1542 | D:2      | Learned a level 3 spell: Ozocubu's Armour
  1819 | D:2      | Reached XP level 4. HP: 24/24 MP: 4/12
  2097 | D:2      | Learned a level 4 spell: Throw Icicle
  2130 | D:3      | Reached skill level 5 in Ice Magic
  2262 | D:3      | Noticed yrara's ghost (amateur GrGl)
  3010 | D:3      | Reached XP level 5. HP: 28/28 MP: 4/14
  3421 | D:4      | Reached skill level 5 in Spellcasting
  3548 | D:4      | Noticed Robin
  3561 | D:4      | Noticed an ogre
  3565 | D:4      | HP: 1/28 [goblin[Robin] (1)]
  3566 | D:4      | Slain by a goblin

Vault maps used:
D:1:      dpeg_arrival_triangle_fractal
D:2:      first_bread
D:3:      uniq_crazy_yiuf_cottage
D:4:      serial_park_tiny_pond, uniq_robin

Skill      XL: |  1  2  3  4  5 |
---------------+----------------+-----
Ice Magic      | 4 5 |  5.7
Spellcasting   | 4 5 |  5.2
Dodging        | |  2.8
Stealth        | |  2.8
Conjurations   | |  1.7

Action                   |  1- 3 |  4- 6 || total
-------------------------+-------+-------++-------
Melee: Dagger            |    14 |    14 ||    28
 Cast: Freeze            |    40 |    25 ||    65
       Throw Frost       |    18 |    46 ||    64
       Throw Icicle      |       |     1 ||     1
Evoke: Wand              |       |     2 ||     2
  Use: Scroll            |       |     2 ||     2
 Stab: Sleeping          |     6 |     2 ||     8
  Eat: Chunk             |     3 |     6 ||     9
Armor: Robe              |     5 |     6 ||    11
Dodge: Dodged            |    19 |    31 ||    50
